 Dungeon Crawl Stone Soup version 0.29.0-13-gc9e81de378 (webtiles) character file.

Game seed: 3067541342754483911

172 ragingrage the Chopper (level 5, 0/46 HPs)
             Began as a Hill Orc Monk on Sept 9, 2022.
             Was a Believer of Beogh.
             Slain by Duvessa
             ... wielding a +2 short sword of protection
              (6 damage)
             ... on level 4 of the Dungeon.
             The game lasted 00:02:30 (3498 turns).

ragingrage the Chopper (Hill Orc Monk)              Turns: 3498, Time: 00:02:30

Health: 0/46       AC:  2    Str: 14 (16) XL:     5   Next: 53%
Magic:  15/15      EV: 12    Int:  9 (10) God:    Beogh [**....]
Gold:   130        SH:  5    Dex: 10 (13) Spells: 4/4 levels left

rFire   . . .      SeeInvis .   i - +1 spear (flame)
rCold   . . .      Faith    .   (no shield)
rNeg    . . .      Spirit   .   b - +0 robe
rPois   .          Reflect  +   (no helmet)
rElec   .          Harm     .   (no cloak)
rCorr   .          Rampage  .   (no gloves)
Will    .....                   (no boots)
Stlth   ++........              m - amulet of reflection
HPRegen 0.15/turn               u - ring of magical power
MPRegen 0.14/turn               (no ring)

@: attractive
A: no striking features
a: Renounce Religion, Smiting


You were on level 4 of the Dungeon.
You worshipped Beogh.
Beogh was pleased with you.
You visited 1 branch of the dungeon, and saw 4 of its levels.

You collected 130 gold pieces.

Inventory:

Hand Weapons
 a - a +0 hand axe
 i - a +1 spear of flaming (weapon)
Missiles
 k - 3 javelins (quivered)
 l - a throwing net
Armour
 b - a +0 robe (worn)
Jewellery
 m - an amulet of reflection (around neck)
 u - a ring of magical power (left hand)
Scrolls
 e - 3 scrolls of identify {unknown}
 h - 2 scrolls of poison {unknown}
 o - a scroll of silence {unknown}
 q - a scroll of noise {unknown}
 s - a scroll of enchant armour {unknown}
 t - a scroll of acquirement {unknown}
 v - 2 scrolls of magic mapping {unknown}
 w - a scroll of enchant weapon {unknown}
Potions
 c - a potion of ambrosia
 d - a potion of lignification {unknown}
 f - a potion of attraction
 g - a potion of heal wounds {unknown}
 j - a potion of berserk rage {unknown}
 n - a potion of mutation {unknown}


   Skills:
 - Level 3.6 Fighting
 + Level 7.4 Axes
 - Level 2.4 Dodging
 - Level 1.6 Stealth
 + Level 2.3 Invocations


You had 4 spell levels left.
You didn't know any spells.
Your spell library contained the following spells:

 Spells                   Type           Power      Damage    Failure   Level
 Sandblast                Erth           0%         2d4       38%         1
 Passwall                 Tmut/Erth      0%         N/A       52%         2
 Stone Arrow              Conj/Erth      0%         3d7       77%         3


Dungeon Overview and Level Annotations

Branches:
Dungeon (4/15)
 Temple: D:4-7

Altars:
Trog

Annotations:
D:3 exclusion: downstairs
D:4 Dowan, Duvessa, Grinder


Message History

Duvessa hits you with a +2 short sword of protection.
Dowan is attracted toward you.
You completely miss Duvessa.
Duvessa is lightly wounded.
Duvessa hits you with a +2 short sword of protection!
Dowan is attracted toward you.
You barely miss Duvessa.
Duvessa is lightly wounded.
You hear the slow rusting of a very distant drain.
Duvessa hits you with a +2 short sword of protection!
Dowan says, "Magic and the sword, together, will defeat you."
Dowan barely misses you.
You hit Duvessa. You burn Duvessa.
Duvessa is lightly wounded.
Dowan closely misses you. You block Duvessa's attack.
You hit Duvessa. You burn Duvessa.
Duvessa is moderately wounded.
Duvessa hits you with a +2 short sword of protection!
* * * LOW HITPOINT WARNING * * *
Dowan hits you with a +0 dagger.
* * * LOW HITPOINT WARNING * * *
The giant cockroach is attracted toward you.
You hit Duvessa but do no damage.
Duvessa is moderately wounded.
Dowan hits you with a +0 dagger.
* * * LOW HITPOINT WARNING * * *
Duvessa hits you with a +2 short sword of protection.
* * * LOW HITPOINT WARNING * * *
The giant cockroach is attracted toward you.
You feel better. You block Dowan's attack.
Duvessa hits you with a +2 short sword of protection.
* * * LOW HITPOINT WARNING * * *
You block the giant cockroach's attack.
Unknown command.
It was a potion of degeneration.
There was something very wrong with that liquid.
You feel weakened.
You feel dopey.
You feel clumsy. The giant cockroach closely misses you.
Duvessa hits you with a +2 short sword of protection.
You die...

####### ......(
....... .......
###########......5
#.................
#@B...........B...
#ee..ยง...#
..$....
#........##.......
#..............h..
#........#....#...
#........# ##.....
..........# ###...
..##........# #...
## ##.........
.....


You could see Duvessa, Dowan and a giant cockroach.

Vanquished Creatures
  A howler monkey (D:4)
  An iguana (D:3)
  4 gnolls
  An adder (D:2)
  2 worms
  A dart slug (D:1)
  6 ball pythons
  3 endoplasms
  A giant cockroach (D:2)
  4 goblins (D:2)
  5 hobgoblins
  4 jackals
  5 kobolds
  5 quokkas
  10 bats
  2 rats
55 creatures vanquished.

Notes
Turn   | Place    | Note
-------+----------+-------------------------------------------
     0 | D:1      | ragingrage the Hill Orc Monk began the quest for the Orb.
     0 | D:1      | Reached XP level 1. HP: 19/19 MP: 1/1
   101 | D:1      | Reached XP level 2. HP: 17/27 MP: 2/2
   371 | D:1      | Reached skill level 5 in Axes
   476 | D:1      | Reached XP level 3. HP: 16/33 MP: 3/3
  1316 | D:2      | Reached skill level 6 in Axes
  1568 | D:2      | Reached XP level 4. HP: 35/40 MP: 4/4
  2498 | D:3      | Became a worshipper of Beogh the Brigand
  2498 | D:3      | Reached * piety under Beogh
  2498 | D:3      | Reached ** piety under Beogh
  2509 | D:3      | Found a bloodstained altar of Trog.
  2528 | D:3      | Reached skill level 7 in Axes
  3000 | D:3      | Reached skill level 1 in Invocations
  3000 | D:3      | Reached XP level 5. HP: 20/46 MP: 6/6
  3317 | D:4      | Noticed Grinder
  3481 | D:4      | Noticed Duvessa
  3490 | D:4      | Noticed Dowan
  3498 | D:4      | Slain by Duvessa

Illustrated notes

Levels and vault maps discovered:
D:1:      dpeg_arrival_tiny_i, layout_basic
D:2:      layout_loops_cross, kennysheep_generic_room_10
D:3:      layout_basic, mainiacjoe_overflow_catwalk, kennysheep_boxes
D:4:      layout_rooms, portal_sewer_entry_e, minmay_ruined_shrine,
          uniq_duvessa, uniq_grinder

Skill      XL: |  1  2  3  4  5 |
---------------+----------------+-----
Axes           | 5 6 7 |  7.4
Invocations    | 1 2 |  2.3
Fighting       | |  3.6
Dodging        | |  2.4
Stealth        | |  1.6

Action                   |  1- 3 |  4- 6 || total
-------------------------+-------+-------++-------
Melee: Hand axe          |    70 |       ||    70
       Spear             |    50 |    77 ||   127
       Punch             |       |     1 ||     1
Invok: Convert to Beogh  |       |     1 ||     1
  Use: Potion            |       |     4 ||     4
 Stab: Sleeping          |     5 |     4 ||     9
       Distracted        |       |     1 ||     1
Armor: Robe              |    25 |     3 ||    28
Dodge: Dodged            |    93 |    32 ||   125
Block: Other             |       |     4 ||     4
